 Dungeon Crawl Stone Soup version 0.29.0-11-gd7f09526c8 (webtiles) character file.

Game seed: 11704338047087193202

3219 SensoryNuts the Cleaver (level 9, -8/68 HPs)
             Began as a Demonspawn Fighter on Sept 5, 2022.
             Mangled by a warg (15 damage)
             ... on level 8 of the Dungeon.
             The game lasted 00:06:32 (7182 turns).

SensoryNuts the Cleaver (Demonspawn Fighter)        Turns: 7182, Time: 00:06:33

Health: -8/68      AC:  7    Str: 20    XL:     9   Next: 65%
Magic:  9/9        EV: 14    Int: 10    God:
Gold:   486        SH:  6    Dex: 13    Spells: 8/8 levels left

rFire   + . .      SeeInvis .   a - +3 war axe (flame)
rCold   . . .      Faith    .   c - +1 buckler
rNeg    . . .      Spirit   .   b - +0 scale mail
rPois   .          Reflect  .   (no helmet)
rElec   .          Harm     .   B - +0 cloak
rCorr   .          Rampage  .   (no gloves)
Will    .....                   (no boots)
Stlth   +.........              g - amulet of regeneration
HPRegen 1.01/turn               q - ring "Tuihy" {rF+ Will- EV+4 Stlth+}
MPRegen 0.11/turn               (no ring)

@: corroded, hasted, very quick
A: yellow scales 2, powered by death 1, weakness stinger 1
a: no special abilities


You were on level 8 of the Dungeon.
You visited 2 branches of the dungeon, and saw 9 of its levels.
You also visited: Sewer.

You collected 486 gold pieces.

Inventory:

Hand Weapons
 a - a +3 war axe of flaming (weapon)
 v - a +3 broad axe of protection
Armour
 b - a +0 scale mail (worn)
 c - a +1 buckler (worn)
 B - a +0 cloak (worn)
Jewellery
 g - an amulet of regeneration (around neck)
 k - a ring of magical power
 m - an amulet of guardian spirit
 q - the ring "Tuihy" (left hand) {rF+ Will- EV+4 Stlth+}
   (You found it on level 5 of the Dungeon)

   [ring of evasion]

   EV:        It affects your evasion (+4).
   rF:        It protects you from fire.
   Will:      It decreases your willpower.
   Stlth:     It makes you more stealthy.
 w - a ring of positive energy
 x - a ring of magical power
Wands
 j - a wand of charming (18)
 r - a wand of polymorph (8)
 t - a wand of mindburst (16)
 u - a wand of acid (12)
 A - a wand of flame (15)
Scrolls
 e - 4 scrolls of amnesia
 i - 6 scrolls of enchant armour
 l - 3 scrolls of magic mapping
 n - a scroll of summoning
Potions
 d - a potion of brilliance
 f - 4 potions of magic
 h - 3 potions of mutation
 p - 2 potions of flight


   Skills:
 + Level 5.1 Fighting
 * Level 10.1 Axes
 + Level 5.7 Armour
 + Level 2.6 Dodging
 + Level 0.5 Stealth
 + Level 4.1 Shields


You had 8 spell levels left.
You didn't know any spells.
Your spell library contained the following spells:

 Spells                   Type           Power      Damage    Failure   Level
 Apportation              Tloc           0%         N/A       78%         1
 Necrotise                Necr           0%         1d4       78%         1
 Summon Small Mammal      Summ           0%         N/A       78%         1
 Frozen Ramparts          Ice            0%         1d1       98%         3
 Ice Form                 Ice/Tmut       0%         N/A       100%        4
 Summon Ice Beast         Ice/Summ       0%         N/A       100%        4


Dungeon Overview and Level Annotations

Branches:
Dungeon (8/15)             Temple (1/1) D:4            Lair (0/5) D:8
  Sewer (visited)

Altars:
Ashenzari
Cheibriados
Dithmenos
Fedhas
Gozag
Hepliaklqana
Kikubaaqudgha
Makhleb
Nemelex Xobeh
Qazlal
Ru
Sif Muna
Trog
Uskayaw
Vehumet
Wu Jian
Xom

Shops:
D:7 :


Innate Abilities, Weirdness & Mutations

You are mostly covered in yellow scales. (AC +3)
You regenerate a little health from kills.
You have a small tail.


Message History

The warg is moderately wounded.
You hit the warg but do no damage. You miss something.
The warg closely misses you. The warg misses you.
Something hits you but does no damage. The warg bites you. The warg bites you!
Unknown command.
You slash the warg! You burn the warg.
The warg is severely wounded.
You closely miss something. You hit the warg but do no damage.
Something hits you. The warg bites you! The warg bites you.
* * * LOW HITPOINT WARNING * * *
Unknown command.
You are too injured to fight recklessly!
Unknown command.
You are too injured to fight recklessly!
Unknown command.
You are too injured to fight recklessly!
Unknown command.
You feel better. The warg barely misses you. You block the warg's attack.
Something hits you.
You slash something! You burn something.
Your tail-slap misses something.
You hit the warg. You burn the warg. You hit the warg but do no damage.
The warg bites you. The warg barely misses you. Something hits you.
The warg closely misses you. The warg bites you but does no damage.
You hit something but do no damage. You slash the warg! You burn the warg.
You hit the warg. You burn the warg.
You hear some strange, mumbled words.
A magic dart appears from out of thin air!
The magic dart hits you!
* * * LOW HITPOINT WARNING * * *
The warg misses you. The warg bites you.
* * * LOW HITPOINT WARNING * * *
You feel better. You block the warg's attack. The warg barely misses you.
Something hits you but does no damage.
It was a potion of haste.
You feel yourself speed up. The warg completely misses you. The warg bites you!
* * * LOW HITPOINT WARNING * * *
Something hits you but does no damage. The warg bites you.
* * * LOW HITPOINT WARNING * * *
The warg bites you!
You die...

..## .....# #
.....####....## .#
.......##.....##.# .
#.#....#......... ..
#.............# .. ...#
#..........# ...# .....
#........?.#....##
......#)..........##....
....!oh@........###.....
>...$.{h..........<.....
......o##...............
......######[...........
.....# #.#..........##..
...## ............## ...
##.........## ..
#...........#
##....<....##


You could see 2 wargs, an orc priest and an orc.

Vanquished Creatures
  Joseph (D:7)
  A steam dragon (D:7)
  Menkaure (D:7)
  A warg (D:8)
  Duvessa (D:4)
  An ice beast (D:7)
  A black bear (D:6)
  2 ogres (D:6)
  2 centaurs
  2 phantoms
  4 bullfrogs
  A kobold brigand (D:6)
  3 scorpions (D:4)
  5 wights (D:7)
  Dowan (D:4)
  6 killer bees (D:7)
  A jelly (D:4)
  6 hounds
  Crazy Yiuf (D:7)
  An orc priest (D:4)
  3 iguanas
  4 orc wizards
  A mummy (D:7)
  3 gnolls (D:2)
  10 adders
  A river rat (Sewer)
  2 white imps (D:7)
  An ufetubus (D:4)
  6 worms
  5 dart slugs
  13 orcs
  10 endoplasms
  8 giant cockroaches
  5 goblins
  5 hobgoblins
  A jackal (D:2)
  3 quokkas
  11 ball pythons
  2 bats (D:1)
  3 frilled lizards
  7 kobolds
  14 rats
160 creatures vanquished.

Vanquished Creatures (others)
  An orc (D:8)
  2 plants (D:5)
3 creatures vanquished.

Grand Total: 163 creatures vanquished

Notes
Turn   | Place    | Note
-------+----------+-------------------------------------------
     0 | D:1      | SensoryNuts the Demonspawn Fighter began the quest for the
                  | Orb.
     0 | D:1      | Reached XP level 1. HP: 18/18 MP: 1/1
   100 | D:1      | Reached skill level 2 in Axes
   213 | D:1      | Gained mutation: You have a small tail. [demonic ancestry]
   213 | D:1      | Reached XP level 2. HP: 24/24 MP: 2/2
   726 | D:2      | Reached XP level 3. HP: 29/29 MP: 3/3
   941 | D:2      | Gained mutation: You are partially covered in yellow
                  | scales. (AC +2) [demonic ancestry]
   941 | D:2      | Reached XP level 4. HP: 19/35 MP: 4/4
  1198 | D:2      | Reached skill level 3 in Axes
  2156 | D:3      | Found a faded altar of an unknown god.
  2161 | D:3      | Found an ornate altar of the Wu Jian Council.
  2746 | D:3      | Found a sparkling altar of Nemelex Xobeh.
  2833 | D:3      | Found a faded altar of an unknown god.
  3058 | D:4      | Noticed a scorpion
  3068 | D:4      | Killed a scorpion
  3069 | D:4      | Reached skill level 4 in Axes
  3069 | D:4      | Gained mutation: You regenerate a little health from kills.
                  | [demonic ancestry]
  3069 | D:4      | Reached XP level 5. HP: 32/41 MP: 5/5
  3139 | D:4      | Noticed Duvessa
  3140 | D:4      | Noticed Dowan
  3147 | D:4      | HP: 2/41 [Duvessa/+0 short sword (7)]
  3149 | D:4      | Killed Duvessa
  3150 | D:4      | Reached skill level 1 in Dodging
  3150 | D:4      | Reached XP level 6. HP: 22/47 MP: 6/6
  3160 | D:4      | Killed Dowan
  3343 | D:4      | Reached skill level 5 in Axes
  3582 | D:4      | Found a staircase to the Ecumenical Temple.
  3594 | Temple   | Entered the Ecumenical Temple
  3783 | D:4      | Found a burning altar of Makhleb.
  3783 | D:4      | Noticed an Executioner
  3786 | D:4      | Noticed a ynoxinul
  3786 | D:4      | Noticed a hellwing
  3895 | D:4      | Reached XP level 7. HP: 43/53 MP: 7/7
  4229 | D:4      | Found a shimmering blue altar of Sif Muna.
  4759 | D:5      | Entered Level 5 of the Dungeon
  4782 | D:4      | Reached skill level 6 in Axes
  4862 | D:5      | Identified the ring "Tuihy" {rF+ Will- EV+4 Stlth+}
  4948 | D:5      | Found a hazy altar of Hepliaklqana.
  5347 | D:5      | Found a blossoming altar of Fedhas.
  5448 | D:6      | Found a glowing drain.
  5472 | Sewer    | Entered a sewer
  5755 | D:6      | Reached XP level 8. HP: 59/60 MP: 8/8
  5779 | D:6      | Reached skill level 7 in Axes
  5828 | D:6      | Found a bloodstained altar of Trog.
  6112 | D:7      | Reached skill level 8 in Axes
  6236 | D:7      | Found Sumuigu's Book Emporium.
  6362 | D:7      | Reached skill level 5 in Armour
  6368 | D:7      | Gained mutation: You are mostly covered in yellow scales.
                  | (AC +3) [demonic ancestry]
  6368 | D:7      | Reached XP level 9. HP: 59/66 MP: 9/9
  6390 | D:7      | Found a stormy altar of Qazlal.
  6473 | D:7      | Found a runed translucent door.
  6473 | D:7      | Noticed Crazy Yiuf
  6826 | D:7      | Reached skill level 9 in Axes
  6899 | D:7      | Noticed Menkaure
  6903 | D:7      | Killed Menkaure
  6925 | D:7      | Noticed Joseph
  6937 | D:7      | Killed Joseph
  6938 | D:7      | Reached skill level 5 in Fighting
  6983 | D:7      | Found a snail-covered altar of Cheibriados.
  7076 | D:7      | Killed Crazy Yiuf
  7167 | D:8      | Found a staircase to the Lair.
  7174 | D:8      | Reached skill level 10 in Axes
  7182 | D:8      | Mangled by a warg

Illustrated notes

Levels and vault maps discovered:
D:1:      dpeg_arrival_round_a, layout_rooms
D:2:      layout_basic, minmay_3d_cube
D:3:      layout_basic, nemelex_altar_shiori, nicolae_overflow_ecumenical_swirl,
          hellmonk_ecumenical_altar_pennies_from_heaven, minmay_cupped
D:4:      layout_layer_cave, mainiacjoe_overflow_big_doors,
          makhleb_altar_promises_db, minmay_temple_entry_hall, uniq_duvessa
D:5:      layout_cave_pools, kennysheep_little_box,
          nicolae_hepliaklqana_hazy_memory
D:6:      minmay_angry_zag, layout_basic, amcnicky_altar_gilded,
          cheibrodos_sewer_entry_sluice
D:7:      layout_loops_corners, nicolae_qazlal_scattered_showers, slow_altar_2,
          serial_shops, nicolae_shop_trees, kennysheep_diamond, uniq_menkaure,
          uniq_crazy_yiuf_cottage, uniq_joseph
D:8:      layout_cave_pools, overflow_temple_1_default,
          erik_lair_orcish_takeover
Temple:   hellmonk_temple_rainy

Skill      XL: |  1  2  3  4  5  6  7  8  9 |
---------------+----------------------------+-----
Axes           | 2 4 5 6 8 10 | 10.1
Shields        | 3 4 |  4.1
Armour         | 3 4 5 |  5.7
Dodging        | 1 2 |  2.6
Fighting       | 4 5 |  5.1
Stealth        | |  0.5

Action                   |  1- 3 |  4- 6 |  7- 9 || total
-------------------------+-------+-------+-------++-------
Melee: War axe           |    66 |   163 |   243 ||   472
       Tailslap          |     7 |    28 |    23 ||    58
  Use: Scroll            |       |     8 |    13 ||    21
       Potion            |       |     3 |     5 ||     8
Armor: Scale mail        |    31 |    77 |   109 ||   217
Dodge: Dodged            |    38 |    81 |   205 ||   324
Block: Buckler           |    20 |    34 |    73 ||   127
